 Dungeon Crawl Stone Soup version 0.17.1-1-g73c8601 (webtiles) character file.

18330 Flanowski the Blocker (level 12, 0/106 (107) HPs)
             Began as a Minotaur Fighter on Dec 27, 2015.
             Was a High Priest of Trog.
             Slain by a wolf (3 damage)
             ... on level 2 of the Lair of Beasts.
             The game lasted 01:11:36 (12509 turns).

Flanowski the Blocker (Minotaur Fighter)           Turns: 12509, Time: 01:11:36

HP:   0/106 (107)   AC: 20    Str: 28    XL:     12   Next: 26%
MP:   11/11         EV: 10    Int:  5    God:    Trog [*****.]
Gold: 1442          SH: 15    Dex: 12    Spells: 0 memorised, 11 levels left

rFire  . . .     SeeInvis .     R - +2 morningstar (freeze)
rCold  . . .     Clarity  .     K - +0 plate armour
rNeg   . . .     SustAt   +     c - +1 shield
rPois  .         Gourm    .     (helmet restricted)
rElec  .         Spirit   .     p - +0 cloak
rCorr  .         Warding  .     O - +0 pair of gloves
rMut   .         Stasis   .     i - +1 pair of boots
MR     .....                    (no amulet)
Stlth  ..........               m - ring of sustain attributes
                                e - +4 ring of strength

@: exhausted, slowed, very slow, not resistant to hostile enchantments,
extremely unstealthy
A: retaliatory headbutt, horns 2
a: Berserk, Trog's Hand, Brothers in Arms, Burn Spellbooks, Renounce Religion


You were on level 2 of the Lair of Beasts.
You worshipped Trog.
Trog was extremely pleased with you.
You were not hungry.

You visited 3 branches of the dungeon, and saw 15 of its levels.
You also visited: Sewer.

You collected 1509 gold pieces.
You spent 67 gold pieces at shops.

Inventory:

Hand Weapons
 A - a +1 dire flail
 R - a +2 morningstar of freezing (weapon)
Armour
 b - a +2 chain mail of fire resistance
 c - a +1 shield (worn)
 i - a +1 pair of boots (worn)
 p - a +0 cloak (worn)
 B - a +1 scale mail of fire resistance
 K - a +0 plate armour (worn)
 O - a +0 pair of gloves (worn)
Rods
 W - a +0 rod of clouds (10/10)
   (You found it on level 2 of the Lair of Beasts)
Jewellery
 e - a +4 ring of strength (left hand)
 m - a ring of sustain attributes (right hand)
 q - a cursed ring of protection from cold
 I - the ring "Muakebuf" {rC+ MR+ Dex+2 Stlth-, unknown}
   (You found it on level 5 of the Dungeon)

   [ring of loudness]

   It affects your dexterity (+2).
   It protects you from cold.
   It affects your resistance to hostile enchantments.
   It makes you less stealthy.
 N - a cursed ring of teleportation {unknown}
 P - an uncursed ring of see invisible {unknown}
Wands
 g - a wand of magic darts (7)
 h - a wand of paralysis (17)
 t - a wand of hasting (2)
 u - a wand of digging (14)
 y - a wand of slowing (26)
 T - a wand of paralysis (10)
 X - a wand of frost (18)
Scrolls
 f - 2 scrolls of fog
 j - a scroll of amnesia
 k - 2 scrolls of magic mapping
 r - 3 scrolls of teleportation
 x - 3 scrolls of blinking {unknown}
 C - 5 scrolls of fear {unknown}
 F - 5 scrolls of recharging {unknown}
 U - 2 scrolls of identify
 Y - a scroll of enchant weapon
Potions
 a - 3 potions of resistance {unknown}
 d - 5 potions of might
 l - a potion of cancellation
 n - 3 potions of ambrosia {unknown}
 o - 7 potions of curing {unknown}
 s - 3 potions of brilliance {unknown}
 v - a potion of cure mutation {unknown}
 z - 2 potions of agility {unknown}
 D - a potion of flight {unknown}
 E - 5 potions of heal wounds {unknown}
 J - 2 potions of lignification {unknown}
 Q - 2 potions of degeneration {unknown}
 S - a potion of beneficial mutation {unknown}
Comestibles
 w - 7 beef jerkies
 H - 2 bread rations
 L - 3 meat rations
 M - 11 royal jellies
 V - 10 fruits


   Skills:
 * Level 10.5 Fighting
 * Level 12.1 Maces & Flails
 * Level 11.1 Armour
 + Level 5.3 Dodging
 + Level 1.1 Stealth
 * Level 14.0 Shields


You had 11 spell levels left.
You didn't know any spells.

Dungeon Overview and Level Annotations

Branches:
Dungeon (9/15)             Temple (0/1) D:4            Lair (2/8) D:9
    Orc (4/4) D:9             Elf (0/3) Orc:4

Altars:
Ashenzari
Cheibriados
Fedhas
Gozag
Kikubaaqudgha
Nemelex Xobeh
Ru
Sif Muna
Trog
Xom
Yredelemnul
The Shining One
Beogh

Shops:
D:8 [   Orc:4 ([[:*


Innate Abilities, Weirdness & Mutations

You reflexively headbutt those who attack you in melee.
You have a pair of horns on your head.


Message History

The electric eel shoots out a bolt of lightning at you!
The bolt of electricity hits you! You block the blink frog's attack.
The hound closely misses you.
The blink frog blinks!
The wolf closely misses you.
You closely miss the wolf. Your headbutt misses the wolf.
You block the hound's attack. The wolf closely misses you.
You furiously retaliate!
You headbutt the wolf!
The electric eel shoots out a bolt of lightning at you!
The bolt of electricity hits the hound.
The hound dies!
The bolt of electricity hits you!
* * * LOW HITPOINT WARNING * * *
The bolt of electricity hits you! You block the wolf's attack.
The electric eel shoots out a bolt of lightning at you!
The bolt of electricity hits you!
* * * LOW HITPOINT WARNING * * *
The bolt of electricity hits you!
* * * LOW HITPOINT WARNING * * *
The wolf bites you.
You die...

.........P #PP...
##[.......####.....
.#...........##.....
.............P......
..................
#................
##..............#
##................ #
#@h...†........###
##.#..†.†.........##
#P.................#
##F...............##
#...............###
#..♣.♣...........#
#.♣≈.;.≈...........#
...≈≈≈≈............##
..≈.≈≈≈...≈.♣.....#.#


You could see a blink frog, a wolf and an electric eel.

Vanquished Creatures
  An orc warlord (Orc:4)
  Erica (D:7)
  An orc high priest (Orc:4)
  A hill giant (D:8)
  4 orc knights (Orc:4)
  4 orc sorcerers
  The ghost of Andry07 the Carver, a novice VSFi of the Shining One (D:7)
  3 trolls (Orc:4)
  4 blink frogs (Lair:2)
  A fire elemental (Orc:2)
  Sigmund (D:6)
  A basilisk (Lair:1)
  4 hippogriffs
  9 yaks (Lair:1)
  A soldier ant (D:9)
  A mottled dragon (D:8)
  2 wargs (Orc:2)
  2 water moccasins
  A wasp (D:9)
  5 phantoms
  24 orc warriors
  6 ogres
  2 black bears
  A necrophage (D:8)
  2 centaurs
  A crocodile (Lair:1)
  4 big kobolds
  8 giant frogs
  A gnoll sergeant (D:8)
  5 killer bees (D:8)
  2 scorpions
  6 wights
  3 crimson imps
  3 hounds
  A centaur zombie (D:8)
  A lava snake (D:9)
  17 orc wizards
  3 giant frog skeletons
  14 orc priests
  A centaur skeleton (D:4)
  A giant frog zombie (D:8)
  A quasit (D:6)
  Terence (D:3)
  9 worker ants
  4 sheep (Lair:1)
  2 iguanas
  A hound zombie (D:6)
  A hound skeleton (D:9)
  Robin (D:2)
  4 gnolls (D:8)
  16 adders
  10 river rats
  A worker ant zombie (D:9)
  A shadow imp (D:7)
  6 oozes
  An adder skeleton (D:7)
  5 worms
  3 giant geckos
  109 orcs
  12 giant cockroaches
  8 hobgoblins
  13 jackals
  3 quokkas
  4 ball pythons
  7 bats
  A giant gecko skeleton (D:6)
  6 giant newts
  24 goblins
  A jackal skeleton (D:7)
  28 kobolds
  A quokka zombie (D:8)
  16 rats
  A fungus (Orc:4)
  2 plants
457 creatures vanquished.

Vanquished Creatures (collateral kills)
  An orc knight (Orc:4)
  3 orcs (Orc:4)
4 creatures vanquished.

Vanquished Creatures (others)
  A hound (Lair:2)
  An adder (D:8)
  An orc (Orc:3)
  2 fungi (Orc:4)
  A plant (Lair:1)
6 creatures vanquished.

Grand Total: 467 creatures vanquished

Notes
Turn   | Place    | Note
--------------------------------------------------------------
     0 | D:1      | Flanowski the Minotaur Fighter began the quest for the Orb.
     0 | D:1      | Reached XP level 1. HP: 19/19 MP: 0/0
     6 | D:1      | Found a runed door.
    23 | D:1      | Reached XP level 2. HP: 27/27 MP: 1/1
    30 | D:1      | Reached skill level 4 in Fighting
   321 | D:1      | Reached XP level 3. HP: 33/33 MP: 2/2
   865 | D:2      | Reached XP level 4. HP: 26/41 MP: 3/3
  1109 | D:2      | Reached skill level 5 in Shields
  1210 | D:2      | Reached skill level 1 in Dodging
  1376 | D:2      | Noticed Robin
  1410 | D:2      | Killed Robin
  1410 | D:2      | Reached XP level 5. HP: 26/47 MP: 4/4
  1878 | D:3      | Noticed Terence
  1891 | D:3      | Killed Terence
  2123 | D:3      | Found a sacrificial altar of Ru.
  2133 | D:3      | Found a shimmering altar of Xom.
  2240 | D:3      | Reached XP level 6. HP: 55/55 MP: 5/5
  2472 | D:4      | Reached skill level 6 in Shields
  2488 | D:4      | Found a blossoming altar of Fedhas.
  2498 | D:4      | Reached skill level 5 in Fighting
  2541 | D:4      | Found a glowing golden altar of the Shining One.
  2593 | D:4      | Found a glowing drain.
  2740 | Sewer    | Entered a sewer
  2834 | Sewer    | Reached XP level 7. HP: 51/61 MP: 6/6
  2965 | Sewer    | Reached skill level 5 in Armour
  2965 | Sewer    | Reached skill level 7 in Shields
  3161 | D:4      | Found a staircase to the Ecumenical Temple.
  3510 | D:4      | Found a sparkling altar of Nemelex Xobeh.
  3617 | D:5      | Entered Level 5 of the Dungeon
  3669 | D:5      | Noticed a moth of wrath
  3678 | D:5      | Found a bloodstained altar of Trog.
  3717 | D:5      | Became a worshipper of Trog the Wrathful
  3824 | D:5      | Reached skill level 5 in Maces & Flails
  3824 | D:5      | Reached skill level 8 in Shields
  3824 | D:5      | Reached XP level 8. HP: 69/69 MP: 7/7
  3829 | D:5      | Found a shattered altar of Ashenzari.
  4175 | D:5      | Got a fine tin ring
  4191 | D:5      | Found an ancient bone altar of Kikubaaqudgha.
  4350 | D:6      | Found a snail-covered altar of Cheibriados.
  4575 | D:6      | Noticed Sigmund
  4609 | D:6      | Killed Sigmund
  4914 | D:6      | Reached skill level 9 in Shields
  5219 | D:7      | Found a basalt altar of Yredelemnul.
  5316 | D:7      | Noticed Andry07's ghost (novice VSFi)
  5326 | D:7      | Killed Andry07's ghost
  5326 | D:7      | Reached XP level 9. HP: 73/78 MP: 8/8
  5670 | D:7      | Reached * piety under Trog
  5943 | D:8      | Reached skill level 10 in Shields
  6187 | D:8      | Noticed Erica
  6194 | D:8      | Noticed a hill giant
  6207 | D:7      | Killed Erica
  6207 | D:7      | Reached ** piety under Trog
  6207 | D:7      | Reached skill level 5 in Dodging
  6207 | D:7      | Reached XP level 10. HP: 37/85 MP: 9/9
  6503 | D:8      | Killed a hill giant
  6503 | D:8      | Reached skill level 11 in Shields
  6879 | D:8      | Found Okeusel's Antique Armour Shoppe.
  7096 | D:9      | Found a staircase to the Lair.
  7180 | D:9      | Found a deep blue altar of Sif Muna.
  7284 | D:9      | Reached *** piety under Trog
  7346 | D:9      | Found a staircase to the Orcish Mines.
  7370 | Orc:1    | Entered Level 1 of the Orcish Mines
  7760 | Orc:2    | Found a dark tunnel.
  7957 | Orc:2    | Reached **** piety under Trog
  8256 | Orc:2    | Reached skill level 12 in Shields
  8672 | Orc:3    | Noticed an orc sorcerer
  8688 | Orc:3    | Paralysed by an orc sorcerer for 7 turns
  8697 | Orc:3    | Killed an orc sorcerer
  8760 | Orc:4    | Entered Level 4 of the Orcish Mines
  8890 | Orc:4    | Reached skill level 10 in Maces & Flails
  8950 | Orc:4    | Found a roughly hewn altar of Beogh.
  9028 | Orc:4    | Noticed an orc sorcerer
  9028 | Orc:4    | Noticed an orc sorcerer
  9030 | Orc:4    | Paralysed by an orc sorcerer for 6 turns
  9043 | Orc:4    | Killed an orc sorcerer
  9043 | Orc:4    | Reached XP level 11. HP: 94/94 MP: 10/10
  9049 | Orc:4    | Killed an orc sorcerer
  9090 | Orc:4    | Found Uchey's Antique Weapon Boutique.
  9151 | Orc:4    | Found a staircase to the Elven Halls.
  9159 | Orc:4    | Noticed an orc knight
  9174 | Orc:4    | Killed an orc knight
  9512 | Orc:4    | Found Kafescho's Book Boutique.
  9586 | Orc:4    | Noticed an orc knight
  9597 | Orc:4    | Noticed an orc sorcerer
  9598 | Orc:4    | Noticed an orc knight
  9601 | Orc:4    | Noticed an orc knight
  9602 | Orc:4    | Killed an orc knight
  9602 | Orc:4    | Reached skill level 10 in Armour
  9619 | Orc:4    | Noticed an orc warlord
  9621 | Orc:4    | Noticed an orc high priest
  9627 | Orc:4    | Found Liereof's General Store.
  9630 | Orc:4    | Found Exze's Armour Boutique.
  9646 | Orc:4    | Found Pigad's Antique Armour Emporium.
  9670 | Orc:4    | Reached skill level 13 in Shields
  9987 | Orc:4    | Killed an orc knight
 10013 | Orc:4    | Killed an orc high priest
 10049 | Orc:4    | HP: 3/96 [orc sorcerer/bolt of fire (33)]
 10050 | Orc:4    | Killed an orc sorcerer
 10099 | Orc:4    | HP: 6/144 [orc knight/battleaxe (9)]
 10588 | Orc:4    | Killed an orc knight
 10591 | Orc:4    | Received a gift from Trog
 10606 | Orc:4    | Reached ***** piety under Trog
 10639 | Orc:4    | Killed an orc warlord
 10639 | Orc:4    | Reached skill level 10 in Fighting
 10987 | Orc:4    | Bought a beef jerky for 22 gold pieces
 10987 | Orc:4    | Bought a scroll of remove curse for 45 gold pieces
 11208 | D:9      | Found an opulent altar of Gozag.
 11478 | D:9      | Reached XP level 12. HP: 99/105 MP: 11/11
 11552 | Lair:1   | Entered Level 1 of the Lair of Beasts
 11587 | Lair:1   | Reached skill level 1 in Stealth
 12506 | Lair:2   | Reached skill level 14 in Shields
 12508 | Lair:2   | HP: 3/106 [electric eel/bolt of electricity (12)]
 12509 | Lair:2   | Slain by a wolf

Action                   |  1- 3 |  4- 6 |  7- 9 | 10-12 || total
-------------------------+-------+-------+-------+-------++-------
Melee: Flail             |    86 |   129 |       |       ||   215
       Morningstar       |       |    58 |   301 |   539 ||   898
Invok: Berserk           |       |       |     3 |    20 ||    23
       Trog's Hand       |       |       |       |     7 ||     7
       Burn Spellbooks   |       |       |       |     3 ||     3
       Brothers in Arms  |       |       |       |     2 ||     2
  Use: Scroll            |       |     5 |     8 |     6 ||    19
  Eat: Chunk             |       |     2 |    11 |    22 ||    35
       Bread ration      |       |     1 |       |     1 ||     2
       Meat ration       |       |       |     1 |     2 ||     3
       Beef jerky        |       |       |       |     2 ||     2
       Pizza             |       |       |       |     1 ||     1
